 Dungeon Crawl Stone Soup version 0.31.0-9-g3a7656b989 (webtiles) character file.

Game seed: 1706275620589457875

42 qw the Shooter (level 3, 0/20 HPs)
             Began as a Deep Elf Hunter on Feb 2, 2024.
             Slain by an orc
             ... wielding a +0 mace
              (7 damage)
             ... on level 2 of the Dungeon.
             The game lasted 00:00:03 (1130 turns).

qw the Shooter (Deep Elf Hunter)                    Turns: 1130, Time: 00:00:04

Health: 0/20       AC:  2    Str: 10    XL:     3   Next: 35%
Magic:  5/5        EV: 13    Int: 13    God:
Gold:   68         SH:  0    Dex: 18    Spells: 2/2 levels left

rFire   . . .        a - +0 shortbow
rCold   + . .        (shield currently unavailable)
rNeg    . . .        g - +0 robe {rC+}
rPois   .            (no helmet)
rElec   .            (no cloak)
rCorr   .            (no gloves)
SInv    .            (no boots)
Will    .....        (no amulet)
Stlth   ++           (no ring)
HPRegen 0.23/turn    (no ring)
MPRegen 0.09/turn

%: no passive effects
@: no status effects
A: no striking features
a: no special abilities


You were on level 2 of the Dungeon.
You visited 1 branch of the dungeon, and saw 2 of its levels.

You collected 68 gold pieces.


   Skills:
 - Level 1.5 Fighting
 + Level 6.9 Ranged Weapons
 - Level 2.4 Dodging
 - Level 1.2 Stealth


You had 2 spell levels left.
You didn't know any spells.
Your spell library was empty.

Inventory:

Hand Weapons
 a - a +0 shortbow (weapon)
Armour
 c - a +0 leather armour
 g - a +0 robe of cold resistance (worn)
Scrolls
 d - a scroll of identify
 h - a scroll of teleportation
Potions
 e - a potion of might

Dungeon Overview and Level Annotations

Branches:
Dungeon (2/15)

Altars:


Message History

You shoot an arrow. The arrow hits the orc.
The orc is heavily wounded.
The orc hits you with a +0 short sword.
You shoot an arrow. The arrow closely misses the orc. x2
The orc hits you with a +0 short sword.
You shoot an arrow. The arrow hits the orc.
The orc is almost dead.
The orc hits you with a +0 short sword.
You shoot an arrow. The arrow hits the orc.
You kill the orc!
An orc wizard comes into view. It is wielding a +0 dagger.
1097 ||| FLEEEEING.
1098 ||| FLEEEEING.
1099 ||| FLEEEEING.
1100 ||| FLEEEEING.
1101 ||| FLEEEEING.
1102 ||| FLEEEEING.
1103 ||| FLEEEEING.
1104 ||| FLEEEEING.
1105 ||| FLEEEEING.
1106 ||| FLEEEEING.
1107 ||| FLEEEEING.
1108 ||| FLEEEEING.
1109 ||| FLEEEEING.
There is a stone staircase leading up here.
1110 ||| STAIRDANCE You climb upwards.
There is a stone staircase leading down here.
You start resting.
HP restored.
You climb downwards.
The orc misses you. The orc hits you with a +0 flail!
The orc barely misses you.
There is a stone staircase leading up, spattered with blood here.
You shoot an arrow. The arrow hits the orc.
The orc is almost dead.
The orc barely misses you. The orc hits you with a +0 mace!
You shoot an arrow. The arrow hits the orc.
You kill the orc!
The orc hits you with a +0 mace!
You die...

..#######
.......@####
##....o)...#
#.........#
#.........####
#............#
#............#
########.....#
##....##########
###.....o......


You could see an orc.

Vanquished Creatures
  A gnoll (D:1)
  A ribbon worm (D:2)
  2 orcs (D:2)
  2 bats (D:1)
  An endoplasm (D:1)
  3 hobgoblins
  4 jackals (D:1)
  3 quokkas (D:1)
  2 ball pythons (D:1)
  A frilled lizard (D:1)
  7 kobolds (D:1)
  A rat (D:1)
28 creatures vanquished.

Notes
Turn   | Place    | Note
-------+----------+-------------------------------------------
     0 | D:1      | qw the Deep Elf Hunter began the quest for the Orb.
     0 | D:1      | Reached XP level 1. HP: 12/12 MP: 3/3
     0 | D:1      | 0 ||| qw: Version: 0.3-a-155-g5e7d8dd
     0 | D:1      | 0 ||| qw: Game counter: 1581
     0 | D:1      | 0 ||| qw: Melee chars always use a shield: true
     0 | D:1      | 0 ||| qw: God list: Okawaru
     0 | D:1      | 0 ||| qw: Allow faded altars: false
     0 | D:1      | 0 ||| qw: Do Orc after clearing Dungeon:15 true
     0 | D:1      | 0 ||| qw: Do second Lair branch before Depths: true
     0 | D:1      | 0 ||| qw: Lair rune preference: random
     0 | D:1      | 0 ||| qw: Goals: Normal
     0 | D:1      | 0 ||| PLANNING D:1-11
   193 | D:1      | Reached XP level 2. HP: 16/16 MP: 4/4
   229 | D:1      | Reached skill level 6 in Ranged Weapons
   859 | D:1      | Reached XP level 3. HP: 20/20 MP: 5/5
  1012 | D:1      | 1012 ||| UPGRADING to +0 robe of cold resistance.
  1022 | D:1      | 1022 ||| READING 4 scrolls labelled SAJOHY FITEMMOWEL.
  1022 | D:1      | 1022 ||| IDENTIFYING sedimented pink potion
  1023 | D:1      | 1023 ||| READING 3 scrolls of identify.
  1023 | D:1      | 1023 ||| IDENTIFYING scroll labelled ASIGAH CAECET
  1024 | D:1      | 1024 ||| READING 2 scrolls of identify.
  1024 | D:1      | 1024 ||| IDENTIFYING scroll labelled MAN TASMETWACH
  1025 | D:1      | 1025 ||| DROPPING scroll of butterflies.
  1026 | D:1      | 1026 ||| DROPPING scroll of noise.
  1097 | D:2      | 1097 ||| FLEEEEING.
  1098 | D:2      | 1098 ||| FLEEEEING.
  1099 | D:2      | 1099 ||| FLEEEEING.
  1100 | D:2      | 1100 ||| FLEEEEING.
  1101 | D:2      | 1101 ||| FLEEEEING.
  1102 | D:2      | 1102 ||| FLEEEEING.
  1103 | D:2      | 1103 ||| FLEEEEING.
  1104 | D:2      | 1104 ||| FLEEEEING.
  1105 | D:2      | 1105 ||| FLEEEEING.
  1106 | D:2      | 1106 ||| FLEEEEING.
  1107 | D:2      | 1107 ||| FLEEEEING.
  1108 | D:2      | 1108 ||| FLEEEEING.
  1109 | D:2      | 1109 ||| FLEEEEING.
  1110 | D:2      | 1110 ||| STAIRDANCE
  1130 | D:2      | Slain by an orc

Levels and vault maps discovered:
D:1:      dpeg_arrival_arbitrary_b, layout_basic
D:2:      kennysheep_the_goblin_king, layout_basic,
          chequers_ecumenical_altar_island

Skill      XL: |  1  2 |
---------------+-------+-----
Ranged Weapons | 6 |  6.9
Fighting       | |  1.5
Dodging        | |  2.4
Stealth        | |  1.2

Action                     || total
---------------------------++-------
   Fire: Shortbow          ||    72
    Use: Scroll            ||     3
 Armour: Leather armour    ||     7
         Robe              ||     6
  Dodge: Dodged            ||    14

Table legend:
 A = Non-vault XP
 B = Vault XP
 C = Vault XP percentage of total XP
 D = Non-vault monster count
 E = Vault monster count
 F = Vault count percentage of total count
                 A         B        C        D         E       F
            +---------+---------+-------+---------+---------+-------
      Total |      64 |       0 |   0.0 |      28 |       0 |   0.0
            +---------+---------+-------+---------+---------+-------
        D:1 |      51 |       0 |   0.0 |      24 |       0 |   0.0
        D:2 |      13 |       0 |   0.0 |       4 |       0 |   0.0
            +---------+---------+-------+---------+---------+-------
